 Dungeon Crawl Stone Soup version 0.32-a0-931-g5a2cda0630 (webtiles) character file.

Game seed: 7695251105803659442

93857 sdfx the Spear-Bearer (level 16, 0/133 HPs)
             Began as a Gnoll Reaver on Apr 14, 2024.
             Was a High Priest of Ashenzari.
             Killed by psychic fangs
             ... invoked by a brain worm
              (6 damage)
             ... on level 5 of the Abyss.
             The game lasted 02:57:28 (26486 turns).

sdfx the Spear-Bearer (Gnoll Reaver)               Turns: 26486, Time: 02:57:28

Health: 0/133      AC: 33    Str: 13    XL:     16   Next: 9%
Magic:  13/34      EV: 12    Int: 25    God:    Ashenzari [*****.]
Gold:   1247       SH: 12    Dex: 12    Spells: 21/43 levels left

rFire   + + .        R - +2 trident (freeze)
rCold   + . .        M - +0 buckler of the Omniscient Yoke {Elem, Dev} (curse)
rNeg    + . .        W - +2 pearl dragon scales of the Enlightened Cosmos {rN+, Cun, Elem} (curse)
rPois   +            (no helmet)
rElec   +            Z - +4 cloak of the Manifest Stoicism {Int+7, Melee, Sorc} (curse)
rCorr   +            X - +2 pair of gloves "Per Aspera Ad Scientiam" {Fort, Melee} (curse)
SInv    +            f - +0 pair of boots "Dismay of Ashenzari" {Dev, Fort} (curse)
Will    +....        i - amulet of Curses and Power {Reflect SH+5, Cun, Sorc} (curse)
Stlth   ++++         u - ring of the Shackled Empyrean {AC+4, Melee, Dev} (curse)
HPRegen 0.00/turn    O - ring "At What Cost Knowledge?" {rF+, Self, Dev} (curse)
MPRegen 0.24/turn

%: reflection, clarity
@: mighty, brilliant, about to teleport, resistant, sick, hasted, invisible,
very quick
A: fangs 1, strong nose, distributed training
a: Renounce Religion, Shatter the Chains


You were on level 5 of the Abyss.
You worshipped Ashenzari.
Ashenzari was extremely pleased with you.
You visited 4 branches of the dungeon, and saw 19 of its levels.
You visited the Abyss 2 times.
You also visited: Ossuary, Bailey and Volcano.

You collected 1893 gold pieces.
You spent 646 gold pieces at shops.

Inventory:

Hand Weapons
 a - a +2 battleaxe
 k - a +2 demon blade of flaming
 n - a +2 hand axe of draining
 r - a +0 dagger of venom
 z - a +0 glaive
 A - a +1 flail of holy wrath
 R - a +2 trident of freezing (weapon)
 T - a +4 halberd of flaming
 Y - a +3 spear of venom
Missiles
 b - 10 javelins (quivered)
 c - 26 poisoned darts
 m - 10 boomerangs
 I - 6 throwing nets
 S - 6 curare-tipped darts
Armour
 f - the cursed +0 pair of boots "Dismay of Ashenzari" (worn) {Dev, Fort}
   (You found it on level 1 of the Dungeon)

   It has a curse which improves the following skills: Devices: Evocations and
   Shapeshifting.
   Fortitude: Armour and Shields.
 L - the +7 Kryia's mail coat {PotionHeal*2 rC+}
   (You found it on level 1 of the Lair of Beasts)

   PotionHeal*2: Potions heal its wearer twice as much.
   rC+:       It protects you from cold.
 M - the cursed +0 buckler of the Omniscient Yoke (worn) {Elem, Dev}
   (You took it off a spriggan on level 5 of the Lair of Beasts)

   It has a curse which improves the following skills: Elements: Fire Magic, Ice
   Magic, Air Magic and Earth Magic.
   Devices:   Evocations and Shapeshifting.
 W - the cursed +2 pearl dragon scales of the Enlightened Cosmos (worn) {rN+, Cun, Elem}
   (You took it off a kobold on level 8 of the Dungeon)

   rN+:       It protects you from negative energy.
   It has a curse which improves the following skills: Cunning: Dodging and
   Stealth.
   Elements:  Fire Magic, Ice Magic, Air Magic and Earth Magic.
 X - the cursed +2 pair of gloves "Per Aspera Ad Scientiam" (worn) {Fort, Melee}
   (You found it on level 4 of the Lair of Beasts)

   It has a curse which improves the following skills: Fortitude: Armour and
   Shields.
   Melee Combat: Short Blades, Long Blades, Axes, Maces & Flails, Polearms,
   Staves and Unarmed Combat.
 Z - the cursed +4 cloak of the Manifest Stoicism (worn) {Int+7, Melee, Sorc}
   (You bought it in a shop on level 8 of the Dungeon)

   Int+7:     It affects your intelligence (+7).
   It has a curse which improves the following skills: Melee Combat: Short
   Blades, Long Blades, Axes, Maces & Flails, Polearms, Staves and Unarmed
   Combat.
   Sorcery:   Conjurations and Alchemy.
Jewellery
 i - the cursed amulet of Curses and Power (around neck) {Reflect SH+5, Cun, Sorc}
   (You found it on level 1 of the Dungeon)

   [amulet of reflection]

   Reflect:   It reflects blocked missile attacks.
   SH+5:      It affects your SH (+5).
   It has a curse which improves the following skills: Cunning: Dodging and
   Stealth.
   Sorcery:   Conjurations and Alchemy.
 u - the cursed ring of the Shackled Empyrean (left hand) {AC+4, Melee, Dev}
   (You found it on level 3 of the Dungeon)

   [ring of protection]

   AC+4:      It affects your AC (+4).
   It has a curse which improves the following skills: Melee Combat: Short
   Blades, Long Blades, Axes, Maces & Flails, Polearms, Staves and Unarmed
   Combat.
   Devices:   Evocations and Shapeshifting.
 O - the cursed ring "At What Cost Knowledge?" (right hand) {rF+, Self, Dev}
   (You found it on level 7 of the Dungeon)

   [ring of protection from fire]

   rF+:       It protects you from fire.
   It has a curse which improves the following skills: Introspection: Fighting
   and Spellcasting.
   Devices:   Evocations and Shapeshifting.
Talismans
 J - a granite talisman
Wands
 s - a wand of iceblast (34)
 w - a wand of flame (11)
 C - a wand of paralysis (6)
 D - a wand of digging (2)
 N - a wand of acid (20)
 P - a wand of mindburst (12)
Scrolls
 e - 2 scrolls of amnesia
 l - 6 scrolls of fear
 o - 4 scrolls of revelation
 p - 8 scrolls of teleportation
 q - a scroll of enchant armour
 t - 2 scrolls of silence
 x - 4 scrolls of poison
 y - 4 scrolls of fog
 E - 3 scrolls of brand weapon
 K - 4 scrolls of enchant weapon
Potions
 d - 5 potions of curing
 g - a potion of berserk rage
 h - 4 potions of lignification
 v - 3 potions of might
 B - 5 potions of enlightenment
 F - a potion of resistance
 G - 2 potions of cancellation
 Q - a potion of ambrosia
 U - 2 potions of magic


   Skills:
 + Level 11.9(14.0) Fighting
 + Level 11.0(15.1) Short Blades
 + Level 11.0(15.1) Long Blades
 + Level 11.0(15.1) Axes
 + Level 11.0(15.1) Maces & Flails
 + Level 12.7(16.8) Polearms
 + Level 11.0(15.1) Staves
 + Level 11.0 Ranged Weapons
 + Level 11.0 Throwing
 + Level 11.0(14.1) Armour
 + Level 11.9(15.0) Dodging
 + Level 11.0(14.1) Stealth
 + Level 11.0(14.1) Shields
 + Level 11.0(15.1) Unarmed Combat
 + Level 12.0(14.1) Spellcasting
 + Level 10.7(13.9) Conjurations
 + Level 9.2 Hexes
 + Level 9.2 Summonings
 + Level 9.2 Necromancy
 + Level 9.2 Translocations
 + Level 9.2(12.4) Fire Magic
 + Level 9.2(12.4) Ice Magic
 + Level 9.2(12.4) Air Magic
 + Level 9.2(12.4) Earth Magic
 + Level 9.2(12.4) Alchemy
 + Level 11.9 Invocations
 + Level 11.0(16.0) Evocations
 + Level 10.1(15.1) Shapeshifting


You had 21 spell levels left.
You knew the following spells:

 Your Spells              Type           Power      Damage    Failure   Level
a - Kiss of Death         Conj/Necr      100%       2d13      1%          1
b - Momentum Strike       Conj/Tloc      100%       3d10      1%          2
c - Hailstorm             Conj/Ice       90%        3d15      1%          3
d - Stone Arrow           Conj/Erth      100%       3d13      1%          3
e - Brom's Barrelling Bo  Conj/Erth      90%        2d10      1%          4
f - Flame Wave            Conj/Fire      90%        2d19      1%          4
g - Yara's Violent Unrav  Hex/Alch       41%        3d16      4%          5

Your spell library contained the following spells:

 Spells                   Type           Power      Damage    Failure   Level
 Sandblast                Erth           100%       2d20      1%          1
 Summon Small Mammal      Summ           100%       N/A       1%          1
 Jinxbite                 Hex            100%       N/A       1%          2
 Call Canine Familiar     Summ           77%        N/A       1%          3
 Inner Flame              Hex/Fire       82%        N/A       1%          3
 Sticky Flame             Fire/Alch      88%        2d13      1%          4
 Summon Blazeheart Golem  Fire/Summ      82%        N/A       1%          4
 Enfeeble                 Hex            38%        N/A       95%         7


Dungeon Overview and Level Annotations

Branches:
Dungeon (11/15)            Temple (1/1) D:4            Lair (5/5) D:11
  Swamp (2/4) Lair:3       Spider (0/4) Lair:2        Slime (0/5) Lair:4
    Orc (0/2) D:11        Ossuary (visited)          Bailey (visited)
Volcano (visited)

Altars:
Ashenzari
Cheibriados
Dithmenos
Elyvilon
Fedhas
Gozag
Hepliaklqana
Kikubaaqudgha
Makhleb
Nemelex Xobeh
Okawaru
Qazlal
Ru
Sif Muna
Trog
Uskayaw
Vehumet
Wu Jian
Xom
Yredelemnul
Zin
The Shining One
Jiyva

Shops:
D:8 *

Annotations:
Swamp:2 Louise


Innate Abilities, Weirdness & Mutations

You have very sharp teeth.
Your uncanny sense of smell can sniff out nearby items.
Your experience applies equally to all skills.


Message History

Press: ? - help, Dir - look around, f - activate You feel a surge of power!
A wave of flame ripples out!
The flame wave engulfs the troll!
The troll is lightly wounded.
The flame wave engulfs the spatial maelstrom.
The spatial maelstrom resists.
The spatial maelstrom is lightly damaged. (Press . to intensify the flame waves.)
The spatial maelstrom barely misses you.
The spatial maelstrom hits you!
* * * LOW HITPOINT WARNING * * *
Space warps horribly around you!
* * * LOW HITPOINT WARNING * * *
The walking frostbound tome erupts in a flurry of living spells! 2 spatial vortices come into view. 3 spatial vortices come into view.
As you read the scroll of teleportation, it crumbles to dust.
You feel strangely unstable.
You feel the power of the Abyss delaying your translocation!
You block the spatial maelstrom's attack. x2 2 spatial vortices come into view.
You feel better.
The spatial maelstrom barely misses you.
The spatial maelstrom closely misses you.
The troll barely misses you. You block the troll's attack. The troll claws you.
* * * LOW HITPOINT WARNING * * *
A deafening chorus of shrieks assaults your mind!
* * * LOW HITPOINT WARNING * * *
A starcursed mass splits.
The spatial maelstrom barely misses you.
The spatial maelstrom hits you but does no damage.
The bone dragon bites you but does no damage.
The bone dragon claws you but does no damage.
The bone dragon misses you.
You feel better.
You block the spatial maelstrom's attack.
The spatial maelstrom barely misses you.
The brain worm's bulging head throbs.
Something gnaws on your mind!
You die...

,,***..,.,,X,.##.#.. ..
*,*,#..#.XX#*.#...# #..,,
,,,*#...3.*4.*#{,,##.#._,
,**,##...#XX†##.#.. .X. ,
,*,*##....XX{##...,,.§.
,,*,##...;X{v##.#... #.,
**,,###.Xw{.###,# ...,#,,
*,**###.D#DX###..**#...
**,*####@TX####,.,#.#. *
,*,,####vvv####.,#..#.#
**,,####vv..####..##... ,
,***#####vvvv##*..,#. #
,*,*####.vv.###...#..# ,*
,,,*####.vvv###..,.#..
*,,,####.vv#####..#.
,,*#,**###### #,,* ## #,
***#,** #,., . ,.


You could see 2 bone dragons, 7 starcursed masses, a walking frostbound tome
(unable to see you), 6 spatial maelstroms, 11 spatial vortices, a thrashing
horror (unable to see you), 2 large abominations, a hellwing (unable to see
you), a troll shaped shifter (unable to see you), a smoke demon (unable to see
you), a brain worm (unable to see you) and 3 living spells.

Vanquished Creatures
  A tentacled starspawn (Abyss:3)
  Roxanne (Swamp:1)
  2 ghouls
  A cacodemon (Abyss:4)
  An eleionoma (Swamp:1)
  6 hydras
  A catoblepas (Lair:1)
  3 alligators
  2 boulder beetles
  A two-headed ogre (D:11)
  2 ghost crabs (Swamp:2)
  A dancing weapon (Volcano)
  8 death yaks
  5 thrashing horrors
  A hell hog (Abyss:5)
  Urug (Lair:4)
  2 occultists (Volcano)
  Nergalle (Lair:2)
  A shadow wraith (Abyss:4)
  A wretched star (Abyss:3)
  2 skysharks
  A goliath frog (Swamp:2)
  A shadow demon (Abyss:4)
  2 spriggan druids (Swamp:1)
  A swamp dragon (Swamp:1)
  2 bog bodies
  A lindwurm (Lair:4)
  A cyclops (D:11)
  4 oklob plants
  A will-o-the-wisp (Lair:3)
  An orc sorcerer (Volcano)
  28 elephants
  A worldbinder (Abyss:5)
  5 toenail golems (Volcano)
  6 black mambas
  19 cane toads
  2 smoke demons (Abyss:4)
  A torpor snail (Lair:2)
  Maggie (D:6)
  A gargoyle (D:9)
  An unseen horror (shapeshifter) (Abyss:3)
  3 rime drakes
  9 komodo dragons
  A polar bear (shapeshifter) (D:11)
  2 tyrant leeches (Swamp:1)
  7 hornets
  5 trolls
  8 polar bears
  2 raiju (Abyss:5)
  5 blink frogs
  11 dream sheep
  16 spriggans
  2 wraiths
  9 wyverns
  5 humans (Volcano)
  A warg (D:11)
  3 vampire mosquitoes (D:11)
  4 basilisks
  A chaos spawn (Abyss:4)
  A steam dragon (D:8)
  Grum (Bailey)
  60 yaks
  Edmund (D:4)
  4 swamp worms (Swamp:1)
  21 water moccasins
  An acid dragon (D:9)
  6 orc warriors
  7 ice beasts
  7 black bears
  A sky beast (D:6)
  An ogre (D:6)
  5 boggarts (Lair:5)
  A phantom (D:5)
  3 centaurs
  33 wolves
  2 starcursed masses (Abyss:5)
  A kobold brigand (D:8)
  Blork the orc (D:4)
  2 weeping skulls (Abyss:4)
  A brain worm (Abyss:5)
  12 bullfrogs
  10 gnoll sergeants
  7 scorpions
  9 wights
  A vampire bat (D:8)
  15 killer bees
  4 howler monkeys
  4 electric eels (D:10)
  3 bombardier beetles
  4 bullfrog zombies (Ossuary)
  6 gnoll boudas (Bailey)
  6 jellies
  5 hounds
  3 orc priests
  Crazy Yiuf (D:3)
  3 iguanas
  7 mummies (Ossuary)
  5 orc wizards
  2 sleepcaps
  Ijyb (D:4)
  4 crocodile zombies (Ossuary)
  8 hound zombies (Ossuary)
  A howler monkey zombie (Ossuary)
  Robin (D:2)
  29 gnolls
  8 adders
  3 white imps
  4 ufetubi
  2 ribbon worms (Lair:2)
  3 dart slugs
  39 orcs
  4 bats
  4 bat skeletons (D:8)
  2 bat zombies (D:8)
  6 endoplasms
  7 giant cockroaches
  18 goblins
  8 hobgoblins
  6 jackals
  6 quokkas
  6 ball pythons
  5 ball python zombies (Ossuary)
  2 frilled lizards
  14 kobolds
  3 rats
679 creatures vanquished.

Vanquished Creatures (collateral kills)
  An orc (D:10)
1 creature vanquished.

Vanquished Creatures (others)
  A kobold brigand (D:8)
  10 foxfires (Lair:3)
  4 starspawn tentacles
15 creatures vanquished.

Grand Total: 695 creatures vanquished

Notes
Turn   | Place    | Note
-------+----------+-------------------------------------------
     0 | D:1      | sdfx the Gnoll Reaver began the quest for the Orb.
     0 | D:1      | Reached XP level 1. HP: 20/20 MP: 6/6
    40 | D:1      | Reached XP level 2. HP: 20/26 MP: 7/7
    43 | D:1      | Learned a level 2 spell: Momentum Strike
   597 | D:1      | Reached skill level 5 in Spellcasting
   597 | D:1      | Reached XP level 3. HP: 30/31 MP: 7/9
   681 | D:2      | Noticed Robin
   730 | D:2      | Reached skill level 1 in Invocations
   855 | D:2      | Killed Robin
   856 | D:2      | Reached skill level 1 in Short Blades
   856 | D:2      | Reached skill level 1 in Long Blades
   856 | D:2      | Reached skill level 1 in Axes
   856 | D:2      | Reached skill level 1 in Maces & Flails
   856 | D:2      | Reached skill level 1 in Staves
   856 | D:2      | Reached skill level 1 in Ranged Weapons
   856 | D:2      | Reached skill level 1 in Throwing
   856 | D:2      | Reached skill level 1 in Armour
   856 | D:2      | Reached skill level 1 in Stealth
   856 | D:2      | Reached skill level 1 in Shields
   856 | D:2      | Reached skill level 1 in Unarmed Combat
   856 | D:2      | Reached skill level 1 in Evocations
   870 | D:2      | Reached skill level 1 in Shapeshifting
   870 | D:2      | Reached XP level 4. HP: 17/38 MP: 11/11
  1448 | D:2      | Reached skill level 1 in Hexes
  1448 | D:2      | Reached skill level 1 in Summonings
  1448 | D:2      | Reached skill level 1 in Necromancy
  1448 | D:2      | Reached skill level 1 in Translocations
  1448 | D:2      | Reached skill level 1 in Fire Magic
  1448 | D:2      | Reached skill level 1 in Ice Magic
  1448 | D:2      | Reached skill level 1 in Air Magic
  1448 | D:2      | Reached skill level 1 in Earth Magic
  1448 | D:2      | Reached skill level 1 in Alchemy
  1622 | D:3      | Found a hazy altar of Hepliaklqana.
  1673 | D:3      | Found a runed translucent door.
  1674 | D:3      | Noticed Crazy Yiuf
  2055 | D:3      | Killed Crazy Yiuf
  2056 | D:3      | Reached XP level 5. HP: 37/39 MP: 8/12
  2314 | D:4      | Found a basalt altar of Yredelemnul.
  2357 | D:4      | Noticed Edmund
  2365 | D:4      | Noticed Blork the orc
  2370 | D:4      | Killed Edmund
  2371 | D:4      | Reached skill level 5 in Fighting
  2371 | D:4      | Reached skill level 5 in Dodging
  2371 | D:4      | Reached XP level 6. HP: 23/51 MP: 11/14
  2378 | D:5      | Entered Level 5 of the Dungeon
  2661 | D:4      | Killed Blork the orc
  2662 | D:4      | Reached XP level 7. HP: 46/53 MP: 13/15
  2819 | D:4      | Found a staircase to the Ecumenical Temple.
  2819 | D:4      | Noticed Ijyb
  2825 | D:4      | Paralysed by Ijyb for 5 turns
  2834 | D:4      | Paralysed by Ijyb for 2 turns
  2850 | D:4      | Paralysed by Ijyb for 4 turns
  2858 | D:4      | Paralysed by Ijyb for 3 turns
  2864 | D:4      | Killed Ijyb
  3012 | Temple   | Entered the Ecumenical Temple
  3033 | Temple   | Became a worshipper of Ashenzari the Shackled
  3526 | D:5      | You fall into a shaft and drop 1 floor!
  3658 | D:6      | Found a sand-covered staircase.
  3667 | Ossuary  | Entered an ossuary
  3759 | Ossuary  | Reached XP level 8. HP: 53/63 MP: 16/16
  4285 | D:6      | Noticed Maggie
  4294 | D:6      | Killed Maggie
  4455 | D:6      | Reached * piety under Ashenzari
  4611 | D:6      | Reached XP level 9. HP: 64/66 MP: 18/18
  4800 | D:6      | Learned a level 3 spell: Hailstorm
  4804 | D:6      | Learned a level 3 spell: Stone Arrow
  4809 | D:6      | Learned a level 4 spell: Brom's Barrelling Boulder
  5064 | D:6      | Found a shimmering altar of Xom.
  5178 | D:5      | Found an opulent altar of Gozag.
  5832 | D:5      | Found a sparkling altar of Nemelex Xobeh.
  6187 | D:7      | Noticed a troll
  6194 | D:7      | Killed a troll
  6197 | D:7      | Reached skill level 5 in Invocations
  6468 | D:6      | Learned a level 4 spell: Flame Wave
  6909 | D:7      | Reached skill level 5 in Short Blades
  6909 | D:7      | Reached skill level 5 in Long Blades
  6909 | D:7      | Reached skill level 5 in Axes
  6909 | D:7      | Reached skill level 5 in Maces & Flails
  6909 | D:7      | Reached skill level 5 in Staves
  6909 | D:7      | Reached skill level 5 in Ranged Weapons
  6909 | D:7      | Reached skill level 5 in Throwing
  6909 | D:7      | Reached skill level 5 in Armour
  6909 | D:7      | Reached skill level 5 in Stealth
  6909 | D:7      | Reached skill level 5 in Shields
  6909 | D:7      | Reached skill level 5 in Unarmed Combat
  6909 | D:7      | Reached skill level 5 in Evocations
  6909 | D:7      | Reached XP level 10. HP: 77/77 MP: 20/20
  7835 | D:8      | Found Hujig's General Store.
  8071 | D:8      | Found an ancient bone altar of Kikubaaqudgha.
  8170 | D:8      | Reached ** piety under Ashenzari
  8322 | D:8      | Reached skill level 5 in Shapeshifting
  9055 | D:9      | Noticed a gargoyle
  9141 | D:9      | Found a stormy altar of Qazlal.
  9141 | D:9      | Found a white marble altar of Elyvilon.
  9347 | D:9      | Killed a gargoyle
  9472 | D:9      | Reached skill level 5 in Hexes
  9472 | D:9      | Reached skill level 5 in Summonings
  9472 | D:9      | Reached skill level 5 in Necromancy
  9472 | D:9      | Reached skill level 5 in Translocations
  9472 | D:9      | Reached skill level 5 in Fire Magic
  9472 | D:9      | Reached skill level 5 in Ice Magic
  9472 | D:9      | Reached skill level 5 in Air Magic
  9472 | D:9      | Reached skill level 5 in Earth Magic
  9472 | D:9      | Reached skill level 5 in Alchemy
  9605 | D:9      | Reached XP level 11. HP: 78/85 MP: 22/22
 10288 | D:10     | Entered Level 10 of the Dungeon
 10313 | D:10     | Reached *** piety under Ashenzari
 10513 | D:10     | Found a flagged portal.
 10523 | Bailey   | Entered a bailey
 10934 | Bailey   | Noticed Grum
 10987 | Bailey   | Killed Grum
 11270 | Bailey   | Identified the ring "Lahocl Miusm" {*Slow rPois rF+++ rC+
                  | Dex+6}
 11817 | D:10     | Found a glowing silver altar of Zin.
 11818 | D:10     | Noticed an angel
 12874 | D:11     | Noticed a cyclops
 12882 | D:11     | Killed a cyclops
 12997 | D:11     | Noticed a two-headed ogre
 13001 | D:11     | Killed a two-headed ogre
 13002 | D:11     | Reached XP level 12. HP: 97/97 MP: 16/26
 13042 | D:11     | Found a staircase to the Orcish Mines.
 13390 | D:11     | Found a staircase to the Lair.
 14029 | D:8      | Bought the +4 cloak of the Vestibule of Hell {Int+7} for
                  | 646 gold pieces
 14173 | Lair:1   | Entered Level 1 of the Lair of Beasts
 14209 | Lair:1   | Noticed a catoblepas
 14237 | Lair:1   | Killed a catoblepas
 14377 | Lair:1   | Reached skill level 10 in Polearms
 14437 | Lair:1   | Noticed a boulder beetle
 14474 | Lair:1   | Killed a boulder beetle
 14660 | Lair:1   | Found the +7 Kryia's mail coat {PotionHeal*2 rC+}
 15145 | Lair:1   | Reached **** piety under Ashenzari
 15149 | Lair:1   | Identified the staff of Fuazot {rPois Will- Str+4 Dex-2
                  | Conj}
 15962 | Lair:2   | Found a hole to the Spider Nest.
 15977 | Lair:2   | Noticed a five-headed hydra
 15981 | Lair:2   | Killed a three-headed hydra
 16022 | Lair:2   | Reached XP level 13. HP: 91/106 MP: 1/28
 16164 | Lair:2   | Noticed Nergalle
 16173 | Lair:2   | Killed Nergalle
 16910 | Lair:2   | Learned a level 5 spell: Yara's Violent Unravelling
 17644 | Lair:3   | Reached skill level 10 in Spellcasting
 18065 | Lair:3   | Found a staircase to the Swamp.
 18519 | Lair:3   | Reached skill level 10 in Fighting
 18519 | Lair:3   | Reached skill level 10 in Dodging
 19409 | Lair:4   | Found a viscous altar of Jiyva.
 19409 | Lair:4   | Found a staircase to the Slime Pits.
 19676 | Lair:4   | Noticed Urug
 19679 | Lair:4   | Reached skill level 10 in Invocations
 19679 | Lair:4   | Reached XP level 14. HP: 102/115 MP: 11/30
 19685 | Lair:4   | Killed Urug
 20931 | Lair:5   | Entered Level 5 of the Lair of Beasts
 21230 | Lair:5   | Found a dark tunnel.
 21235 | Volcano  | Entered a volcano
 21505 | Abyss:2  | Cast into level 2 of the Abyss (an occultist)
 21647 | Abyss:3  | Noticed a tentacled starspawn
 21656 | Abyss:3  | Killed a tentacled starspawn
 21657 | Abyss:3  | Reached skill level 10 in Conjurations
 21667 | Abyss:3  | Noticed a balrug
 21681 | Abyss:3  | HP: 2/116 [balrug/+1 demon whip of venom (22)]
 21689 | Abyss:4  | Noticed a tengu reaver
 21693 | Volcano  | Escaped the Abyss
 21951 | Volcano  | Reached skill level 10 in Short Blades
 21951 | Volcano  | Reached skill level 10 in Long Blades
 21951 | Volcano  | Reached skill level 10 in Axes
 21951 | Volcano  | Reached skill level 10 in Maces & Flails
 21951 | Volcano  | Reached skill level 10 in Staves
 21951 | Volcano  | Reached skill level 10 in Ranged Weapons
 21951 | Volcano  | Reached skill level 10 in Throwing
 21951 | Volcano  | Reached skill level 10 in Armour
 21951 | Volcano  | Reached skill level 10 in Stealth
 21951 | Volcano  | Reached skill level 10 in Shields
 21951 | Volcano  | Reached skill level 10 in Unarmed Combat
 21951 | Volcano  | Reached skill level 10 in Evocations
 22279 | Lair:5   | Reached XP level 15. HP: 122/122 MP: 32/32
 22607 | Lair:5   | HP: 3/105 [boulder beetle (12)]
 23844 | Lair:5   | Paralysed by a hornet for 1 turns
 24120 | Swamp:1  | Entered Level 1 of the Swamp
 24201 | Swamp:1  | Noticed Roxanne
 25167 | Swamp:1  | Killed Roxanne
 25195 | Swamp:1  | Identified the cursed +2 pair of gloves "Per Aspera Ad
                  | Scientiam" {Fort, Melee} (You found it on level 4 of the
                  | Lair of Beasts)
 25195 | Swamp:1  | Identified the cursed +0 pair of boots "Dismay of
                  | Ashenzari" {Dev, Fort} (You found it on level 1 of the
                  | Dungeon)
 25195 | Swamp:1  | Identified the cursed +2 pearl dragon scales of the
                  | Enlightened Cosmos {rN+, Cun, Elem} (You took it off a
                  | kobold on level 8 of the Dungeon)
 25504 | Swamp:2  | Noticed a ghoul
 25504 | Swamp:2  | Noticed a ghoul
 25553 | Swamp:1  | Killed a ghoul
 25663 | Swamp:2  | Killed a ghoul
 25937 | Swamp:2  | Identified the +4 ring mail of Mapimyal {rC+ rN+++ Dex-5
                  | Stlth+}
 25981 | Swamp:2  | Noticed Louise
 26004 | Swamp:2  | Reached ***** piety under Ashenzari
 26005 | Abyss:4  | Cast into level 4 of the Abyss (Louise)
 26019 | Abyss:4  | Reached skill level 10 in Shapeshifting
 26040 | Abyss:4  | Noticed a cacodemon
 26050 | Abyss:4  | Killed a cacodemon
 26332 | Abyss:4  | Found a corrupted altar of Lugonu.
 26352 | Abyss:4  | Noticed a tentacled starspawn
 26352 | Abyss:4  | Noticed a tentacled starspawn
 26355 | Abyss:4  | Noticed a tentacled starspawn
 26358 | Abyss:4  | Reached XP level 16. HP: 95/132 MP: 16/34
 26382 | Abyss:5  | Noticed a tentacled starspawn
 26408 | Abyss:5  | Noticed an acid blob
 26459 | Abyss:5  | Found a corrupted altar of Lugonu.
 26459 | Abyss:5  | Noticed a walking frostbound tome
 26464 | Abyss:5  | Noticed a bone dragon
 26466 | Abyss:5  | Noticed a bone dragon
 26482 | Abyss:5  | HP: 4/133 [spatial maelstrom (16)]
 26483 | Abyss:5  | Noticed a tentacled starspawn
 26485 | Abyss:5  | HP: 1/133 [starcursed mass/accursed screaming (11)]
 26486 | Abyss:5  | Killed from afar by a brain worm

Illustrated notes

Levels and vault maps discovered:
D:1:      mrwooster_arrival_statue_2, layout_loops_ring, minmay_misc_feat_tiny
D:2:      wander_river, layout_loops_cross, uniq_robin
D:3:      layout_basic, mainiacjoe_overflow_cross_hatched,
          uniq_crazy_yiuf_cottage
D:4:      layout_loops_ring, yredelemnul_altar_generic,
          minmay_temple_entry_slanted, uniq_blork_the_orc, uniq_edmund,
          uniq_ijyb
D:5:      layout_loops_corners, lemuel_tele_altar, grunt_gozag_statues
D:6:      layout_loops_corners, regret_index_xom_buried_treasure,
          nicolae_ossuary_entry_plus, uniq_maggie
D:7:      hangedman_cross_stitches, layout_cave_pools
D:8:      layout_cave_pods, kennysheep_vampire_church, serial_shops,
          nicolae_shop_tiny_glass, minmay_quadrilaterals
D:9:      layout_roguey, gammafunk_temple_overflow_elements
D:10:     layout_basic, zin_angel, enter_bailey_6
D:11:     layout_basic, dpeg_lair_monsters, david_orc_3,
          kennysheep_generic_room_14
Temple:   nicolae_temple_bog_church
Lair:1:   minmay_lair_oklob_chamber, layout_cave_pods
Lair:2:   layout_cave_shapes, nicolae_spider_entry_non_spiders, uniq_nergalle
Lair:3:   layout_gridlike, minmay_swamp_entry_wisps,
          chequers_serial_rivers_micro_c, beast_lair_carwin_6
Lair:4:   layout_regular_city, nicolae_slime_entry_field_trip, uniq_urug
Lair:5:   minmay_lair_end_enchanted_forest, layout_long_grid, enter_volcano_4
Swamp:1:  layout_basic_swamp, evilmike_swamp_ruin_house_1, uniq_roxanne
Swamp:2:  layout_basic_swamp, evilmike_swamp_ruin_rubble_1, uniq_louise
Abyss:5:  base: D:4, evilmike_nicolae_abyss_rune_containment_curve,
          spicy_abyss_unhelpful_harpoons,
          evilmike_nicolae_abyss_rune_containment_curve,
          evilmike_abyss_exit_plants, minivault_13

Skill      XL: |  1  2  3  4  5  6  7  8  9 10 11 12 13 14 15 16 |
---------------+-------------------------------------------------+-----
Spellcasting   | 5 6 7 8 9 10 11 12 | 12.0
Invocations    | 1 2 3 4 5 6 7 8 10 11 | 11.9
Short Blades   | 1 2 3 5 6 7 8 9 10 11 | 11.0
Long Blades    | 1 2 3 5 6 7 8 9 10 11 | 11.0
Axes           | 1 2 3 5 6 7 8 9 10 11 | 11.0
Maces & Flails | 1 2 3 5 6 7 8 9 10 11 | 11.0
Staves         | 1 2 3 5 6 7 8 9 10 11 | 11.0
Ranged Weapons | 1 2 3 5 6 7 8 9 10 11 | 11.0
Throwing       | 1 2 3 5 6 7 8 9 10 11 | 11.0
Armour         | 1 2 3 5 6 7 8 9 10 11 | 11.0
Stealth        | 1 2 3 5 6 7 8 9 10 11 | 11.0
Shields        | 1 2 3 5 6 7 8 9 10 11 | 11.0
Unarmed Combat | 1 2 3 5 6 7 8 9 10 11 | 11.0
Evocations     | 1 2 3 5 6 7 8 9 10 11 | 11.0
Shapeshifting  | 1 2 3 4 5 6 7 8 9 10 | 10.1
Hexes          | 1 2 3 4 5 6 7 8 9 |  9.2
Summonings     | 1 2 3 4 5 6 7 8 9 |  9.2
Necromancy     | 1 2 3 4 5 6 7 8 9 |  9.2
Translocations | 1 2 3 4 5 6 7 8 9 |  9.2
Fire Magic     | 1 2 3 4 5 6 7 8 9 |  9.2
Ice Magic      | 1 2 3 4 5 6 7 8 9 |  9.2
Air Magic      | 1 2 3 4 5 6 7 8 9 |  9.2
Earth Magic    | 1 2 3 4 5 6 7 8 9 |  9.2
Alchemy        | 1 2 3 4 5 6 7 8 9 |  9.2
Fighting       | 5 6 7 8 9 10 11 | 11.9
Dodging        | 5 6 7 8 9 10 11 | 11.9
Polearms       | 7 8 9 10 11 12 | 12.7
Conjurations   | 6 7 8 9 10 | 10.7

Action                     |  1- 3 |  4- 6 |  7- 9 | 10-12 | 13-15 | 16-18 || total
---------------------------+-------+-------+-------+-------+-------+-------++-------
  Melee: Spear             |   112 |     9 |       |       |       |       ||   121
         Bite              |    11 |    26 |    45 |    55 |   169 |       ||   306
         Dagger            |       |   220 |   216 |    34 |       |       ||   470
         Flail             |       |       |   134 |    29 |    25 |       ||   188
         Halberd           |       |       |       |   397 |   411 |       ||   808
         Trident           |       |       |       |    13 |   114 |     5 ||   132
         Demon blade       |       |       |       |       |   447 |       ||   447
  Throw: Boomerang         |    17 |    10 |    16 |    41 |    74 |       ||   158
         Dart              |       |       |       |     2 |       |       ||     2
         Javelin           |       |       |       |       |    15 |       ||    15
   Cast: Momentum Strike   |       |     3 |     4 |     1 |     1 |       ||     9
         Kiss of Death     |       |     3 |     3 |     5 |     4 |       ||    15
         Stone Arrow       |       |       |    25 |    55 |   100 |       ||   180
         Flame Wave        |       |       |     3 |    36 |    69 |     5 ||   113
         Brom's Barrelling |       |       |     3 |    24 |     2 |       ||    29
         Hailstorm         |       |       |     3 |    32 |    17 |       ||    52
 Invoke: Curse Item        |       |       |     2 |     4 |     3 |       ||     9
         Shatter the Chain |       |       |       |       |     1 |       ||     1
  Evoke: Wand              |       |     1 |     1 |     2 |    12 |       ||    16
    Use: Scroll            |       |       |     1 |     4 |     5 |     1 ||    11
         Potion            |       |       |       |     1 |    15 |     8 ||    24
   Stab: Sleeping          |     2 |     2 |    14 |     6 |    11 |       ||    35
         Paralysed         |       |       |     4 |     1 |     8 |       ||    13
         Distracted        |       |       |       |     1 |     3 |       ||     4
 Armour: Leather armour    |    46 |   112 |   188 |    79 |       |       ||   425
         Pearl dragon scal |       |       |       |   362 |   873 |    53 ||  1288
  Dodge: Dodged            |    37 |   129 |   175 |   275 |   487 |    39 ||  1142
  Block: Other             |    16 |    46 |    67 |   110 |   132 |       ||   371
         Reflection        |       |       |       |     6 |     4 |       ||    10
         Buckler           |       |       |       |       |   149 |    43 ||   192

Table legend: (Time is in decaauts)
 A = Elapsed time spent in this place.
 B = Non-inter-level travel time spent in this place.
 C = Inter-level travel time spent in this place.
 D = Time resting spent in this place.
 E = Time spent auto-exploring this place.
 F = Levels seen in this place.
 G = Mean time per level.
                   A        B        C        D        E       F      G
               +--------+--------+--------+--------+--------+-----+--------+
         Total |  26233 |  24301 |   1932 |   3335 |  15873 |  27 |  971.6 |
       Dungeon |  12617 |  11443 |   1174 |    886 |   8403 |  11 | 1147.0 |
        Temple |     52 |     13 |     39 |      0 |      0 |   1 |   52.0 |
          Lair |   8850 |   8206 |    644 |    970 |   5538 |   5 | 1770.0 |
         Swamp |   1941 |   1867 |     74 |    680 |    803 |   2 |  970.5 |
         Abyss |    580 |    580 |      0 |    329 |     34 |   5 |  116.0 |
       Ossuary |    597 |    597 |      0 |     76 |    239 |   1 |  597.0 |
        Bailey |    937 |    937 |      0 |    124 |    634 |   1 |  937.0 |
       Volcano |    655 |    655 |      0 |    268 |    220 |   1 |  655.0 |
               +--------+--------+--------+--------+--------+-----+--------+

Top non-repeatable levels by time:
  Lair:4: 2247 daAuts
     D:8: 1876 daAuts
  Lair:5: 1731 daAuts
  Lair:1: 1718 daAuts
  Lair:3: 1622 daAuts
  Lair:2: 1531 daAuts
     D:6: 1507 daAuts
    D:11: 1426 daAuts
     D:5: 1406 daAuts
     D:9: 1287 daAuts
    D:10: 1200 daAuts
 Swamp:1: 1179 daAuts
  Bailey: 937 daAuts
     D:7: 879 daAuts
     D:4: 861 daAuts
